 Dungeon Crawl Stone Soup version 0.20.1-1-g8b1a95d (webtiles) character file.

994 digijack the Covert (level 7, -11/33 HPs)
             Began as a Spriggan Assassin on Oct 8, 2017.
             Was a Follower of Nemelex Xobeh.
             Mangled by an orc warrior
             ... wielding a +0 dire flail
              (23 damage)
             ... on level 6 of the Dungeon.
             The game lasted 01:12:18 (5895 turns).

digijack the Covert (Spriggan Assassin)             Turns: 5895, Time: 01:12:20

Health: -11/33     AC:  7    Str:  8    XL:     7   Next: 99%
Magic:  10/10      EV: 19    Int: 12    God:    Nemelex Xobeh [*.....]
Gold:   250        SH:  0    Dex: 19    Spells: 7/7 levels left

rFire    . . .     SeeInvis +   p - +2 dagger (venom)
rCold    . . .     Gourm    .   (shield restricted)
rNeg     . . .     Faith    .   w - +3 robe of the Mutiny {Stlth+}
rPois    .         Spirit   .   (helmet restricted)
rElec    .         Reflect  .   d - +1 cloak
rCorr    .         Harm     .   (gloves unavailable)
MR       +....                  (boots unavailable)
Stlth    +++++.....             s - amulet of rage
Regen    0.2/turn               (no ring)
MPRegen  0.2/turn               (no ring)

@: very quick
A: unfitting armour, see invisible, herbivore 3, speed 3, slow metabolism 2
a: Renounce Religion, Evoke Berserk Rage


You were on level 6 of the Dungeon.
You worshipped Nemelex Xobeh.
Nemelex Xobeh was aware of your devotion.
You were not hungry.

You visited 1 branch of the dungeon, and saw 6 of its levels.

You collected 250 gold pieces.

Inventory:

Hand Weapons
 b - a +0 blowgun
 p - a +2 dagger of venom (weapon)
 t - a +1 whip of freezing
 u - a +3 short sword
Missiles
 e - 45 poisoned needles
 f - a curare-tipped needle
 j - 33 arrows
 k - 103 stones (quivered)
 n - 43 sling bullets
 q - 51 bolts
 v - 5 tomahawks
Armour
 c - a +0 robe
 d - a +1 cloak (worn)
 w - the +3 robe of the Mutiny (worn) {Stlth+}
   (You found it on level 4 of the Dungeon)

   It makes you more stealthy.
Jewellery
 l - an uncursed ring of fire
 s - an amulet of rage (around neck)
Scrolls
 m - a scroll of identify
 r - a scroll of recharging
Miscellaneous
 a - a plain deck of escape
 h - a plain deck of summoning {drawn: 1}
 o - a plain deck of summoning
Comestibles
 g - 3 bread rations
 i - 3 fruits


   Skills:
 - Level 1.5 Fighting
 * Level 6.3 Short Blades
 * Level 4.5 Throwing
 - Level 3.7 Dodging
 + Level 9.3 Stealth
 - Level 0.8 Spellcasting
 * Level 3.6 Evocations


You had 7 spell levels left.
You didn't know any spells.

Dungeon Overview and Level Annotations

Branches:
Dungeon (6/15)
 Temple: D:4-7

Altars:
Cheibriados
Gozag
Nemelex Xobeh
Okawaru
Uskayaw
The Shining One

Annotations:
D:4 geeseburger's ghost, novice TrMo
D:6 Dowan; Duvessa


Innate Abilities, Weirdness & Mutations

You are very small and have problems with some larger weapons.
You are too small for most types of armour.
You have supernaturally acute eyesight. (SInv)
You are a herbivore.
You cover ground extremely quickly.
You need consume almost no food.


Message History

You hit the orc warrior but do no damage.
The orc warrior closely misses you.
You hit the orc warrior but do no damage.
The orc warrior is poisoned.
You barely miss the orc warrior.
Dowan casts a spell.
Dowan blinks!
The orc warrior closely misses you.
You hit the orc warrior but do no damage.
The orc warrior looks as sick as possible!
The gnoll shouts!
You hit the orc warrior but do no damage.
The orc warrior is lightly wounded.
The orc warrior misses you.
You hit the orc warrior but do no damage.
The orc warrior looks as sick as possible!
The orc warrior is moderately wounded.
The orc warrior hits you with a dire flail!!
Ouch! That really hurt!
You die...
Your body glows slightly and disappears.

#.# #g# #g#
#o################
#e#...............
#g#.##############
#e#.# #o#.# #@#.#
#.#.# #...# #####


You could see Duvessa, an orc warrior, Dowan, 3 gnolls and an orc.

Vanquished Creatures
  Pikel (D:5)
  2 slaves (D:5)
  A phantom (D:5)
  A scorpion (D:4)
  A bullfrog zombie (D:5)
  A crimson imp (D:5)
  A hound (D:5)
  An orc priest (D:4)
  A centaur zombie (D:5)
  Natasha (D:2)
  An iguana (D:4)
  3 worker ants
  6 adders
  3 oozes
  An adder skeleton (D:4)
  2 worms
  3 dart slugs
  2 leopard geckos
  9 orcs
  3 giant cockroaches
  6 goblins
  4 hobgoblins
  3 kobolds
  3 quokkas
  3 ball pythons
  A bat (D:3)
  4 frilled lizards
  5 rats
73 creatures vanquished.

Vanquished Creatures (others)
  A ball lightning (D:3)
1 creature vanquished.

Grand Total: 74 creatures vanquished

Notes
Turn   | Place    | Note
-------+----------+-------------------------------------------
     0 | D:1      | digijack the Spriggan Assassin began the quest for the Orb.
     0 | D:1      | Reached XP level 1. HP: 10/10 MP: 2/2
    79 | D:1      | Reached skill level 6 in Stealth
   140 | D:1      | Reached XP level 2. HP: 14/14 MP: 3/3
   890 | D:2      | Reached XP level 3. HP: 18/18 MP: 4/4
  1002 | D:2      | Found a snail-covered altar of Cheibriados.
  1054 | D:2      | Became a worshipper of Cheibriados the Contemplative
  1221 | D:2      | Found a sparkling altar of Nemelex Xobeh.
  1222 | D:2      | Found an opulent altar of Gozag.
  1238 | D:2      | Fell from the grace of Cheibriados
  1238 | D:2      | Became a worshipper of Nemelex Xobeh the Trickster
  1325 | D:2      | Noticed Natasha
  1330 | D:2      | Killed Natasha
  1330 | D:2      | Reached XP level 4. HP: 16/22 MP: 5/5
  1392 | D:2      | HP: 1/22 [something (19)]
  1684 | D:2      | Received a gift from Nemelex Xobeh
  1815 | D:3      | Found a glowing golden altar of the Shining One.
  1882 | D:3      | Reached skill level 7 in Stealth
  1978 | D:3      | Received a gift from Nemelex Xobeh
  2164 | D:3      | Found an iron altar of Okawaru.
  2336 | D:3      | Reached * piety under Nemelex Xobeh
  2380 | D:4      | Reached XP level 5. HP: 25/25 MP: 6/6
  2407 | D:4      | Got a thick robe
  2433 | D:4      | Identified the +3 robe of the Mutiny {Stlth+} (You found it on level 4 of the Dungeon)
  2528 | D:4      | Noticed a red devil
  2528 | D:4      | Noticed a sixfirhy
  2934 | D:4      | Noticed geeseburger's ghost (novice TrMo)
  3441 | D:4      | Received a gift from Nemelex Xobeh
  3668 | D:4      | Reached XP level 6. HP: 26/30 MP: 7/7
  3753 | D:5      | Entered Level 5 of the Dungeon
  4021 | D:5      | Found a hide-covered altar of Uskayaw.
  4066 | D:5      | Reached skill level 8 in Stealth
  4066 | D:5      | Reached skill level 1 in Evocations
  4235 | D:5      | Noticed a slave
  4235 | D:5      | Noticed a slave
  4244 | D:5      | Noticed a slave
  4245 | D:5      | Noticed Pikel
  4248 | D:5      | Noticed a slave
  4297 | D:5      | Killed a slave
  4309 | D:5      | Killed a slave
  5362 | D:5      | Reached XP level 7. HP: 30/33 MP: 9/9
  5448 | D:5      | Was forgiven by Cheibriados
  5714 | D:5      | Killed Pikel
  5714 | D:5      | Reached skill level 9 in Stealth
  5846 | D:6      | Noticed Dowan
  5856 | D:6      | Noticed Duvessa
  5895 | D:6      | Mangled by an orc warrior

Skill      XL: |  1  2  3  4  5  6  7 |
---------------+----------------------+-----
Dodging        | 2 3 |  3.7
Stealth        | 6 7 8 9 |  9.3
Throwing       | 3 4 |  4.5
Short Blades   | 3 4 6 |  6.3
Evocations     | 2 3 |  3.6
Fighting       | |  1.5
Spellcasting   | |  0.8

Action                   |  1- 3 |  4- 6 |  7- 9 || total
-------------------------+-------+-------+-------++-------
Melee: Dagger            |    69 |   164 |    24 ||   257
       Short sword       |       |    41 |    30 ||    71
       Whip              |       |       |     4 ||     4
 Fire: Blowgun           |    13 |    11 |     1 ||    25
Throw: Stone             |       |       |     2 ||     2
Evoke: Deck              |       |       |     1 ||     1
  Use: Potion            |     3 |     3 |       ||     6
       Scroll            |     4 |     8 |       ||    12
 Stab: Sleeping          |    10 |    12 |       ||    22
       Distracted        |       |     1 |       ||     1
  Eat: Bread ration      |       |     1 |       ||     1
Armor: Robe              |     4 |    26 |     6 ||    36
Dodge: Dodged            |    37 |   153 |    38 ||   228
